MLB
DETROIT TIGERS @ SAN FRANCISCO GIANTS
06/27/2098
 
TOP OF THE 1ST
Detroit Tigers batting - Pitching for San Francisco Giants : RHP Steve Deemer
Pitching: RHP Steve Deemer
Batting: LHB Tim Wilson 0-0: Swinging Strike
0-1: Called Strike
0-2: Ball
1-2: Strikes out swinging
Batting: LHB Eric Plaunt 0-0: Ball
1-0: Ball
2-0: Fly out, F7 (Flyball, 7, EV 88.8 MPH)
Batting: RHB Fethi Yazîcîzâde 0-0: Ball
1-0: Ball
2-0: Foul Ball, location: 9LSF
2-1: Ball
3-1: Fly out, F9 (Flyball, 9, EV 98.8 MPH)
Top of the 1st over - 0 runs, 0 hits, 0 errors, 0 left on base; Detroit 0 - San Francisco 0
BOTTOM OF THE 1ST
San Francisco Giants batting - Pitching for Detroit Tigers : RHP Rodrigo Mendoza
Pitching: RHP Rodrigo Mendoza
Batting: LHB Carlos Lopez 0-0: Swinging Strike
0-1: Ball
1-1: DOUBLE (Flyball, 8RD, EV 87.5 MPH)
Batting: RHB Kevin Mosemann 0-0: Ball
1-0: Ball
2-0: Called Strike
2-1: Called Strike
2-2: Fly out, F7 (Line Drive, 78M, EV 96.9 MPH)
Batting: LHB Daniel Cipolla 0-0: Fly out, F9 (Flyball, 9LSF, EV 82.5 MPH)
Batting: RHB David Bishop 0-0: Called Strike
0-1: Ball
1-1: Ball
2-1: Foul Ball, location: 9LDF
2-2: Ball
3-2: Foul Ball, location: 5FF
3-2: Fly out, F4 (Popup, 4S, EV 75.0 MPH)
Bottom of the 1st over - 0 runs, 1 hit, 0 errors, 1 left on base; Detroit 0 - San Francisco 0
TOP OF THE 2ND
Detroit Tigers batting - Pitching for San Francisco Giants : RHP Steve Deemer
Batting: LHB Nick Penix 0-0: Ball
1-0: Swinging Strike
1-1: DOUBLE (Flyball, 89D, EV 105.6 MPH)
Pinch Runner at 2nd Edgar Navarrete:
Batting: RHB David Schafer 0-0: Called Strike
0-1: Called Strike
0-2: Ball
1-2: Ball
2-2: Fly out, F8 (Flyball, 8RXD, EV 103.8 MPH)
Runner from 2nd tags up, SAFE at 3rd, no throw by CF
Batting: LHB Philip Clark 0-0: Foul Ball, location: 2F
0-1: Ball
1-1: Foul Ball, location: 2F
1-2: Foul Ball, location: 3F
1-2: Ball
2-2: Ground out U3 (Groundball, 3, EV 90.0 MPH)
Batting: RHB Donald Nohl 0-0: Ball
1-0: Ball
2-0: Ball
3-0: Base on Balls
Batting: LHB Dan Barker 0-0: Ball
1-0: Foul Ball, location: 7LDF
1-1: Ball
2-1: Ball
3-1: Foul Ball, location: 3DF
3-2: SINGLE (Groundball, 4MD, EV 100.0 MPH)
Edgar Navarrete scores
Donald Nohl to second
Donald Nohl to third
Batting: RHB Jimmy Moore 0-0: Called Strike
0-1: Called Strike
0-2: Ground out 4-3 (Groundball, 4MS, EV 83.8 MPH)
Top of the 2nd over - 1 run, 2 hits, 0 errors, 2 left on base; Detroit 1 - San Francisco 0
BOTTOM OF THE 2ND
San Francisco Giants batting - Pitching for Detroit Tigers : RHP Rodrigo Mendoza
Now in LF: Edgar Navarrete
Batting: LHB Kevin Shaw 0-0: Ball
1-0: Called Strike
1-1: Fly out, F9 (Flyball, 89XD, EV 96.3 MPH)
Batting: RHB Danny Bute 0-0: Called Strike
0-1: Called Strike
0-2: Foul Ball, location: 9LDF
0-2: Ball
1-2: Ball
2-2: Foul Ball, location: 2F
2-2: Ball
3-2: Base on Balls
Batting: LHB Lindsay Foreman 0-0: Ball
1-0: Called Strike
1-1: Foul Ball, location: 2F
1-2: Foul Ball, location: 5F
1-2: Ball
2-2: Ball
3-2: Strikes out swinging
Batting: SHB Josh Packard 0-0: Ball
1-0: Ground out U3 (Groundball, 3, EV 85.6 MPH)
Bottom of the 2nd over - 0 runs, 0 hits, 0 errors, 1 left on base; Detroit 1 - San Francisco 0
TOP OF THE 3RD
Detroit Tigers batting - Pitching for San Francisco Giants : RHP Steve Deemer
Batting: LHB Tim Wilson 0-0: Ground out 4-3 (Groundball, 34, EV 80.0 MPH)
Batting: LHB Eric Plaunt 0-0: Ball
1-0: Called Strike
1-1: Ball
2-1: Foul Ball, location: 7LSF
2-2: Fly out, F7 (Line Drive, 78M, EV 104.4 MPH)
Batting: RHB Fethi Yazîcîzâde 0-0: DOUBLE (Flyball, 8LXD, EV 97.5 MPH)
Batting: RHB Edgar Navarrete 0-0: Fly out, F8 (Line Drive, 8RM, EV 84.4 MPH)
Top of the 3rd over - 0 runs, 1 hit, 0 errors, 1 left on base; Detroit 1 - San Francisco 0
BOTTOM OF THE 3RD
San Francisco Giants batting - Pitching for Detroit Tigers : RHP Rodrigo Mendoza
Batting: RHB Greg Schaefer 0-0: Ball
1-0: Ball
2-0: Ground out 4-3 (Groundball, 34, EV 86.9 MPH)
Pitching: LHP Malcolm Shelvin
Batting: LHB Carlos Lopez 0-0: Foul Ball, location: 7LSF
0-1: Swinging Strike
0-2: Ball
1-2: Foul Ball, location: 25FF
1-2: Foul Ball, location: 25FF
1-2: Strikes out swinging
Batting: RHB Kevin Mosemann 0-0: Ball
1-0: Swinging Strike
1-1: Called Strike
1-2: Foul Ball, location: 5F
1-2: Strikes out looking
Bottom of the 3rd over - 0 runs, 0 hits, 0 errors, 0 left on base; Detroit 1 - San Francisco 0
TOP OF THE 4TH
Detroit Tigers batting - Pitching for San Francisco Giants : RHP Steve Deemer
Batting: RHB David Schafer 0-0: Called Strike
0-1: Ball
1-1: Swinging Strike
1-2: Strikes out looking
Batting: LHB Philip Clark 0-0: Called Strike
0-1: Foul Ball, location: 2F
0-2: Ball
1-2: Ball
2-2: Ball
3-2: Ground out 4-3 (Groundball, 4, EV 108.8 MPH)
Batting: RHB Donald Nohl 0-0: Ball
1-0: DOUBLE (Flyball, 8RXD, EV 106.9 MPH)
Pitching: RHP Rick Rudd
Batting: LHB Dan Barker 0-0: Called Strike
0-1: Ball
1-1: Ball
2-1: DOUBLE (Groundball, 5L, EV 94.4 MPH)
Donald Nohl scores
Batting: RHB Jimmy Moore 0-0: Ball
1-0: Ball
2-0: Ball
3-0: Base on Balls
Batting: LHB Tim Wilson 0-0: Ball
1-0: Ball
2-0: Ball
3-0: Called Strike
3-1: Ground out U3 (Groundball, 34S, EV 86.3 MPH)
Top of the 4th over - 1 run, 2 hits, 0 errors, 2 left on base; Detroit 2 - San Francisco 0
BOTTOM OF THE 4TH
San Francisco Giants batting - Pitching for Detroit Tigers : LHP Malcolm Shelvin
Batting: LHB Daniel Cipolla 0-0: Fly out, F7 (Line Drive, 7LS, EV 90.6 MPH)
Batting: RHB David Bishop 0-0: Ground out 6-3 (Groundball, 6, EV 86.9 MPH)
Batting: LHB Kevin Shaw 0-0: Swinging Strike
0-1: Ball
1-1: Foul Ball, location: 5SF
1-2: Fly out, F8 (Flyball, 8RM, EV 92.5 MPH)
Bottom of the 4th over - 0 runs, 0 hits, 0 errors, 0 left on base; Detroit 2 - San Francisco 0
TOP OF THE 5TH
Detroit Tigers batting - Pitching for San Francisco Giants : RHP Rick Rudd
Batting: LHB Eric Plaunt 0-0: Ball
1-0: SINGLE (Flyball, 3D, EV 96.9 MPH)
Batting: RHB Fethi Yazîcîzâde 0-0: Called Strike
0-1: SINGLE (Groundball, 6D, EV 100.0 MPH)
Eric Plaunt to second
Batting: RHB Edgar Navarrete 0-0: Ball
1-0: Foul Ball, location: 9LSF
1-1: SINGLE (Line Drive, 56D, EV 98.8 MPH)
Eric Plaunt to third
Fethi Yazîcîzâde to second
Runner from 3rd tries for Home, SAFE, throw by LF to home
Batting: RHB David Schafer 0-0: Grounds into double play, 6-4-3 (Groundball, 6, EV 98.8 MPH)
Fethi Yazîcîzâde to third
Batting: LHB Philip Clark 0-0: Ball
1-0: DOUBLE (Line Drive, 5D, EV 96.9 MPH)
Fethi Yazîcîzâde scores
Batting: RHB Donald Nohl 0-0: Called Strike
0-1: Ball
1-1: Foul Ball, location: 2F
1-2: Strikes out swinging
Top of the 5th over - 2 runs, 4 hits, 0 errors, 1 left on base; Detroit 4 - San Francisco 0
BOTTOM OF THE 5TH
San Francisco Giants batting - Pitching for Detroit Tigers : LHP Malcolm Shelvin
Batting: RHB Danny Bute 0-0: Swinging Strike
0-1: Foul Ball, location: 5F
0-2: Foul Ball, location: 2F
0-2: Ball
1-2: DOUBLE (Line Drive, 78M, EV 90.0 MPH)
Batting: LHB Lindsay Foreman 0-0: Ball
1-0: Ball
2-0: Called Strike
2-1: Ball
3-1: Called Strike
3-2: Fly out, F9 (Flyball, 9LS, EV 96.9 MPH)
Batting: SHB Josh Packard 0-0: Ball
1-0: Foul Ball, location: 3F
1-1: Ball
2-1: Swinging Strike
2-2: Strikes out swinging
Pitching: RHP John Young
Batting: RHB Greg Schaefer 0-0: Ball
1-0: Ball
2-0: Fly out, F3 (Popup, 34, EV 78.1 MPH)
Bottom of the 5th over - 0 runs, 1 hit, 0 errors, 1 left on base; Detroit 4 - San Francisco 0
TOP OF THE 6TH
Detroit Tigers batting - Pitching for San Francisco Giants : RHP Rick Rudd
Batting: LHB Dan Barker 0-0: Ground out 5-3 (Groundball, 15, EV 80.6 MPH)
Batting: RHB Jimmy Moore 0-0: Fly out, F3 (Popup, 34S, EV 76.3 MPH)
Batting: LHB Tim Wilson 0-0: Swinging Strike
0-1: Ball
1-1: SINGLE (Flyball, 78S, EV 93.8 MPH)
Pitching: RHP Adam Newman
Batting: LHB Eric Plaunt 0-0: Called Strike
Tim Wilson steals 2nd base
0-1: Foul Ball, location: 23F
0-2: Ball
1-2: Ball
2-2: Fly out, F8 (Flyball, 89M, EV 84.4 MPH)
Top of the 6th over - 0 runs, 1 hit, 0 errors, 1 left on base; Detroit 4 - San Francisco 0
BOTTOM OF THE 6TH
San Francisco Giants batting - Pitching for Detroit Tigers : RHP John Young
Batting: LHB Carlos Lopez 0-0: Foul Ball, location: 2F
0-1: Ball
1-1: Foul Ball, location: 2F
1-2: Strikes out swinging
Batting: RHB Kevin Mosemann 0-0: Ball
1-0: Ball
2-0: Ball
3-0: Called Strike
3-1: Called Strike
3-2: Fly out, F7 (Flyball, 7, EV 92.5 MPH)
Batting: LHB Daniel Cipolla 0-0: Ball
1-0: Ball
2-0: Ball
3-0: Called Strike
3-1: Base on Balls
Batting: RHB David Bishop 0-0: Called Strike
0-1: Called Strike
0-2: Foul Ball, location: 2F
0-2: Ball
1-2: Fly out, F9 (Flyball, 9D, EV 98.8 MPH)
Bottom of the 6th over - 0 runs, 0 hits, 0 errors, 1 left on base; Detroit 4 - San Francisco 0
TOP OF THE 7TH
Detroit Tigers batting - Pitching for San Francisco Giants : RHP Adam Newman
Batting: RHB Fethi Yazîcîzâde 0-0: Ball
1-0: Ball
2-0: Ball
3-0: Base on Balls
Batting: RHB Edgar Navarrete 0-0: Called Strike
0-1: Ball
1-1: Called Strike
1-2: Foul Ball, location: 25F
1-2: Foul Ball, location: 3FF
1-2: Strikes out swinging
Pitching: RHP Ivan Vidales
Batting: RHB David Schafer 0-0: Called Strike
0-1: Ball
1-1: Ball
2-1: Called Strike
2-2: Fly out, F8 (Line Drive, 8RM, EV 86.3 MPH)
Batting: LHB Philip Clark 0-0: Ground out 4-3 (Groundball, 34, EV 78.1 MPH)
Top of the 7th over - 0 runs, 0 hits, 0 errors, 1 left on base; Detroit 4 - San Francisco 0
BOTTOM OF THE 7TH
San Francisco Giants batting - Pitching for Detroit Tigers : RHP John Young
Batting: LHB Kevin Shaw 0-0: Ball
1-0: Hit by Pitch
Batting: RHB Danny Bute 0-0: Ball
1-0: Grounds into double play, 3-6-1 (Groundball, 3, EV 88.1 MPH)
Batting: LHB Lindsay Foreman 0-0: SINGLE (Groundball, 6MD, EV 104.4 MPH)
Pitching: RHP John Hernandez
Batting: SHB Josh Packard 0-0: Called Strike
0-1: Foul Ball, location: 23F
0-2: Ball
1-2: Foul Ball, location: 2F
1-2: Ball
2-2: Ball
3-2: Strikes out swinging
Bottom of the 7th over - 0 runs, 1 hit, 0 errors, 1 left on base; Detroit 4 - San Francisco 0
TOP OF THE 8TH
Detroit Tigers batting - Pitching for San Francisco Giants : RHP Ivan Vidales
Batting: RHB Donald Nohl 0-0: SINGLE (Flyball, 89S, EV 90.0 MPH)
Batting: LHB Dan Barker 0-0: Called Strike
0-1: Called Strike
0-2: Ball
1-2: Strikes out swinging
Batting: RHB Jimmy Moore 0-0: Ball
1-0: Foul Ball, location: 9LDF
1-1: Hit by Pitch
Donald Nohl to second
Batting: LHB Tim Wilson 0-0: Called Strike
0-1: Fly out, F6 (Popup, 6, EV 77.5 MPH)
Pitching: LHP Nate Torgerson
Batting: LHB Eric Plaunt 0-0: Called Strike
0-1: Fielders Choice at 2nd, 6-4 (Groundball, 56, EV 85.6 MPH)
Top of the 8th over - 0 runs, 1 hit, 0 errors, 2 left on base; Detroit 4 - San Francisco 0
BOTTOM OF THE 8TH
San Francisco Giants batting - Pitching for Detroit Tigers : RHP John Hernandez
Batting: RHB Greg Schaefer 0-0: Ball
1-0: Foul Ball, location: 5F
1-1: Swinging Strike
1-2: Fly out, F6 (Popup, 56, EV 66.9 MPH)
Batting: LHB Carlos Lopez 0-0: Ball
1-0: Ball
2-0: TRIPLE (Line Drive, 89XD, EV 105.0 MPH)
Pinch Hitting: LHB Ernesto Pelayo 0-0: Ball
1-0: Called Strike
1-1: Called Strike
1-2: Strikes out looking
Batting: LHB Daniel Cipolla 0-0: Called Strike
0-1: Ball
1-1: Foul Ball, location: 5SF
1-2: Fly out, F9 (Flyball, 9LD, EV 103.1 MPH)
Bottom of the 8th over - 0 runs, 1 hit, 0 errors, 1 left on base; Detroit 4 - San Francisco 0
TOP OF THE 9TH
Detroit Tigers batting - Pitching for San Francisco Giants : LHP Nate Torgerson
Now at SS: Bryce Bissinger
Batting: RHB Fethi Yazîcîzâde 0-0: SINGLE (Line Drive, 89S, EV 85.6 MPH)
Batting: RHB Edgar Navarrete 0-0: Called Strike
0-1: Ball
1-1: Called Strike
1-2: Ball
2-2: Foul Ball, location: 2F
2-2: Fielders Choice at 2nd, 4-6 (Groundball, 4M, EV 83.8 MPH)
Batting: RHB David Schafer 0-0: Called Strike
0-1: Ball
1-1: Ball
Edgar Navarrete steals 2nd base
2-1: Foul Ball, location: 3F
2-2: Strikes out swinging
Batting: LHB Philip Clark 0-0: DOUBLE (Flyball, 8RXD, EV 110.6 MPH)
Edgar Navarrete scores
Batting: RHB Donald Nohl 0-0: Called Strike
0-1: Called Strike
0-2: Fly out, F9 (Flyball, 89S, EV 86.9 MPH)
Top of the 9th over - 1 run, 2 hits, 0 errors, 1 left on base; Detroit 5 - San Francisco 0
BOTTOM OF THE 9TH
San Francisco Giants batting - Pitching for Detroit Tigers : RHP John Hernandez
Pitching: RHP Raul Mendoza
Batting: RHB David Bishop 0-0: Foul Ball, location: 9LDF
0-1: Swinging Strike
0-2: Foul Ball, location: 2F
0-2: Strikes out swinging
Batting: LHB Kevin Shaw 0-0: Ball
1-0: Ball
2-0: Called Strike
2-1: Foul Ball, location: 7LDF
2-2: Ball
3-2: Base on Balls
Batting: RHB Danny Bute 0-0: Ball
1-0: Ball
2-0: Swinging Strike
2-1: Foul Ball, location: 23F
2-2: Grounds into double play, 4-6-3 (Groundball, 4, EV 83.8 MPH)
Bottom of the 9th over - 0 runs, 0 hits, 0 errors, 0 left on base; Detroit 5 - San Francisco 0
Monday, April 8th , 2024 - OOTP Baseball 24.11 Build 85